Map: Tokamak LE

Players

jeannysu - Winner!

  • Race: Protoss Protoss
  • Spawn Location: 1:00

VOD

Have the link to the VOD?

Description

Time

  • Played on: Sept. 5, 2025, 7:41 a.m.
  • Length: 17:38
Show
View Real Time Build Order
Export as new Build Order

jeannysu Protoss - Winner!

Build Orders:  

Get SALT Encoding   

  12  0:05  Probe (Chrono Boost)  
  13  0:25  Pylon  
  13  0:28  Probe (Chrono Boost)  
  14  0:45  Probe (Chrono Boost)  
  15  0:58  Gateway  
  16  1:02  Probe (Chrono Boost)  
  16  1:07  Assimilator  
  16  1:19  Probe (Chrono Boost)  
  17  1:36  Probe (Chrono Boost)  
  17  1:38  Pylon  
  18  1:47  Probe (Chrono Boost)  
  18  1:58  Probe (Chrono Boost)  
  20  2:13  Probe (Chrono Boost)  
  20  2:18  Cybernetics Core  
  21  2:35  Nexus  
  21  2:48  Probe (Chrono Boost)  
  22  3:05  Probe (Chrono Boost)  
  23  3:21  Nexus  
  23  3:33  Probe (Chrono Boost)  
  24  3:46  Twilight Council  
  24  3:53  Assimilator  
  24  4:00  Pylon  
  24  4:11  Pylon  
  24  4:19  Probe (Chrono Boost)  
  25  4:30  Probe (Chrono Boost)  
  25  4:34  Warp Gate, Probe (Chrono Boost)  
  25  4:38  Zealot  
  29  4:43  Probe (Chrono Boost)  
  29  4:47  Probe (Chrono Boost)  
  30  4:59  Shield Battery, Probe (Chrono Boost)  
  32  5:00  Probe (Chrono Boost)  
  32  5:04  Probe (Chrono Boost)  
  34  5:16  Probe (Chrono Boost)  
  34  5:18  Stalker  
  34  5:19  Probe (Chrono Boost)  
  36  5:27  Probe x2 (Chrono Boost)  
  39  5:38  Forge  
  40  5:45  Forge  
  40  5:49  Probe (Chrono Boost)  
  40  5:53  Probe (Chrono Boost)  
  40  5:54  Probe (Chrono Boost)  
  43  6:00  Probe (Chrono Boost)  
  45  6:10  Probe (Chrono Boost)  
  45  6:13  Probe (Chrono Boost)  
  45  6:19  Probe (Chrono Boost)  
  47  6:27  Probe (Chrono Boost), Stalker  
  51  6:30  Probe (Chrono Boost)  
  51  6:36  Probe (Chrono Boost)  
  52  6:44  Probe (Chrono Boost)  
  52  6:47  Probe (Chrono Boost)  
  52  6:49  Pylon  
  54  6:51  Protoss Ground Armor Level 1, Protoss Ground Weapons Level 1  
  54  7:01  Gateway  
  54  7:02  Gateway  
  54  7:05  Gateway  
  54  7:12  Probe (Chrono Boost)  
  54  7:13  Probe x2 (Chrono Boost)  
  54  7:17  Shield Battery  
  57  7:29  Probe (Chrono Boost), Shield Battery  
  46  7:30  Probe x2 (Chrono Boost)  
  60  7:31  Shield Battery  
  60  7:35  Assimilator  
  60  7:37  Stalker  
  62  7:41  Assimilator  
  62  7:48  Pylon  
  62  7:58  Assimilator  
  65  8:00  Probe (Chrono Boost)  
  65  8:01  Probe x2 (Chrono Boost)  
  65  8:03  Assimilator  
  65  8:11  Probe (Chrono Boost)  
  65  8:18  Probe x2 (Chrono Boost)  
  68  8:23  Gateway, Probe (Chrono Boost)  
  68  8:25  Gateway  
  68  8:27  Gateway  
  69  8:31  Templar Archives  
  69  8:33  Gateway  
  69  8:35  Gateway  
  69  8:38  Probe (Chrono Boost)  
  70  8:40  Gateway  
  70  8:52  Stalker x3  
  70  8:55  Probe (Chrono Boost)  
  70  8:56  Sentry  
  79  9:09  Blink  
  79  9:12  Probe (Chrono Boost)  
  80  9:20  Robotics Facility  
  80  9:22  Robotics Facility  
  80  9:24  Robotics Facility  
  80  9:29  Probe (Chrono Boost)  
  81  9:33  Stalker x4  
  89  9:48  Probe (Chrono Boost)  
  90  9:52  Protoss Ground Armor Level 2  
  90  9:57  Protoss Ground Weapons Level 2  
  90  9:59  High Templar  
  92  10:02  Psionic Storm  
  92  10:05  Probe (Chrono Boost)  
  93  10:13  Pylon  
  93  10:14  Pylon  
  93  10:17  Pylon  
  93  10:21  Pylon  
  93  10:25  Pylon  
  93  10:27  Pylon  
  93  10:38  Immortal, Warp Prism  
  99  10:50  Zealot x2  
  99  10:51  Zealot x4  
  99  10:57  Sentry x2  
  99  10:59  High Templar  
  117  11:00  High Templar  
  117  11:07  Observer  
  119  11:15  Charge  
  120  11:22  Pylon  
  120  11:26  Robotics Bay  
  120  11:33  Stalker x3  
  120  11:34  Stalker  
  128  12:02  Nexus  
  128  12:05  Zealot x7  
  128  12:06  Zealot x2  
  128  12:09  High Templar  
  148  12:18  Pylon  
  148  12:20  Pylon  
  148  12:26  Pylon  
  148  12:30  Pylon  
  148  12:50  Stalker  
  148  12:51  Stalker x4  
  148  12:52  Stalker x2  
  162  13:04  Zealot x3  
  150  13:54  Warp Prism  
  150  13:57  Colossus x2  
  162  14:11  Zealot x5  
  172  14:27  Pylon  
  170  14:30  Pylon  
  170  14:31  Nexus  
  170  14:33  Pylon  
  170  14:35  Pylon  
  170  14:36  Pylon  
  143  15:46  Stalker  
  143  15:47  Stalker x5  
  143  15:48  Stalker x3  
  157  16:14  Colossus x2  
  157  16:19  Stalker  
  171  16:31  Zealot x4  
  171  16:32  Zealot x5  
  189  16:50  Observer  
  190  17:11  Zealot x5  
Tags
 
Matchup
Co-op
Replay Pack
새 폴더
Add a new tag
Caveats
  • Supply blocks, unpowered buildings, or Contaminate may cause inaccurate times.
  • Supply counts are checked every 10 seconds.